 Dungeon Crawl Stone Soup version 0.32-a0-17-gb74e046682 (webtiles) character file.

Game seed: 17580489113013594561

337 PriceMaster the Slasher (level 6, -21/56 HPs)
             Began as a Minotaur Berserker on Jan 15, 2024.
             Was a Believer of Trog.
             Demolished by an ogre
             ... wielding a +0 giant spiked club
              (35 damage)
             ... on level 4 of the Dungeon.
             The game lasted 00:03:41 (2131 turns).

PriceMaster the Slasher (Minotaur Berserker)        Turns: 2131, Time: 00:03:41

Health: -21/56     AC:  7    Str: 23    XL:     6   Next: 28%
Magic:  5/5        EV: 11    Int:  4    God:    Trog [**....]
Gold:   240        SH:  0    Dex: 10    Spells: 5/5 levels left

rFire   . . .        v - +0 scythe
rCold   . . .        (shield currently unavailable)
rNeg    . . .        g - +0 scale mail
rPois   .            (helmet restricted)
rElec   .            (no cloak)
rCorr   .            (no gloves)
SInv    .            (no boots)
Will    ++...        (no amulet) Stlth
                     (no ring)
HPRegen 1.29/turn    (no ring)
MPRegen 0.09/turn

%: no passive effects
@: strong-willed, regenerating
A: horns 2, retaliatory headbutt
a: Renounce Religion, Berserk, Trog's Hand


You were on level 4 of the Dungeon.
You worshipped Trog.
Trog was pleased with you.
You visited 1 branch of the dungeon, and saw 4 of its levels.

You collected 240 gold pieces.

Inventory:

Hand Weapons
 a - a +0 falchion
 v - a +0 scythe (weapon)
Missiles
 n - 7 boomerangs (quivered)
Armour
 b - a +0 animal skin
 g - a +0 scale mail (worn)
 i - a +1 ring mail
Jewellery
 u - a +6 ring of intelligence
Scrolls
 h - a scroll of teleportation
 m - a scroll of immolation
 o - a scroll of enchant armour
Potions
 c - a potion of lignification {unknown}
 d - a potion of ambrosia {unknown}
 e - 3 potions of enlightenment
 f - 2 potions of haste {unknown}
 k - 2 potions of magic {unknown}
 l - a potion of cancellation {unknown}
 p - a potion of brilliance {unknown}
 q - a potion of curing {unknown}


   Skills:
 + Level 5.0 Fighting
 + Level 6.1 Long Blades
 + Level 1.4 Polearms
 + Level 0.2 Throwing
 + Level 3.7 Armour
 + Level 3.5 Dodging
 + Level 0.4 Stealth


You had 5 spell levels left.
You didn't know any spells.
Your spell library was empty.

Dungeon Overview and Level Annotations

Branches:
Dungeon (4/15)
 Temple: D:4-7

Altars:


Innate Abilities, Weirdness & Mutations

You have a pair of horns on your head.
You reflexively headbutt those who attack you in melee.


Message History

You hit the orc but do no damage. You headbutt the orc.
The orc is heavily wounded.
The orc hits you with a +0 short sword. The ogre barely misses you.
The orc barely misses you.
You hit the orc.
You kill the orc!
Trog accepts your kill.
The ogre hits you with a +0 giant spiked club!
Your Fighting skill increases to level 5!
You barely miss the ogre.
The ogre hits you with a +0 giant spiked club.
You slash the ogre!
The ogre is moderately wounded.
The ogre closely misses you. You furiously retaliate!
You headbutt the ogre! You hit the ogre.
The ogre is severely wounded.
The ogre hits you with a +0 giant spiked club!!
* * * LOW HITPOINT WARNING * * *
You are too injured to fight recklessly!
You are too injured to fight recklessly!
You are too injured to fight recklessly!
You are too injured to fight recklessly!
You are too injured to fight recklessly!
You are too injured to fight recklessly!
You are too injured to fight recklessly!
You are too injured to fight recklessly!
You are too injured to fight recklessly!
You are too injured to fight recklessly!
You are too injured to fight recklessly!
You are too injured to fight recklessly!
You are too injured to fight recklessly!
You are too injured to fight recklessly!
You are too injured to fight recklessly!
You are too injured to fight recklessly!
Unknown command.
Your skin crawls.
You feel strong-willed.
The ogre hits you with a +0 giant spiked club!!
Ouch! That really hurt!
You die...

.....<..#..#
........#'##.
..........# .
..........# #.
...###'#.## #.
...#...#.# #..
...#...### #.#
...'..##
#.)### ...####
#O@.#### ####.
###....#######
.....
####.......#
####. ##
###....#####..
...#### ..#
##...####
......## ..
#..###
........
#.###.##
........
..#..#
'##.....
#.#.##


You could see an ogre.

Vanquished Creatures
  Sigmund (D:3)
  A jelly (D:4)
  A sleepcap (D:4)
  Terence (D:2)
  An adder (D:3)
  3 dart slugs
  A ribbon worm (D:3)
  9 orcs
  7 bats
  2 endoplasms (D:1)
  3 giant cockroaches
  9 hobgoblins
  4 jackals (D:3)
  A quokka (D:1)
  7 ball pythons
  3 frilled lizards
  4 goblins
  8 kobolds
  5 rats
71 creatures vanquished.

Notes
Turn   | Place    | Note
-------+----------+-------------------------------------------
     0 | D:1      | PriceMaster the Minotaur Berserker began the quest for the
                  | Orb.
     0 | D:1      | Reached XP level 1. HP: 19/19 MP: 0/0
    78 | D:1      | Reached XP level 2. HP: 18/27 MP: 1/1
   148 | D:1      | Reached skill level 4 in Long Blades
   248 | D:1      | You fall into a shaft and drop 1 floor!
   267 | D:2      | Noticed Terence
   275 | D:2      | Killed Terence
   276 | D:2      | Reached XP level 3. HP: 34/34 MP: 2/2
   393 | D:1      | Reached ** piety under Trog
   748 | D:2      | Reached XP level 4. HP: 41/41 MP: 3/3
  1302 | D:3      | Noticed a glass eye
  1304 | D:3      | Found a faded altar of an unknown god.
  1305 | D:3      | Noticed an eye of devastation
  1305 | D:3      | Noticed a golden eye
  1305 | D:3      | Noticed an eye of devastation
  1379 | D:3      | Noticed Sigmund
  1389 | D:3      | Killed Sigmund
  1390 | D:3      | Reached skill level 5 in Long Blades
  1390 | D:3      | Reached XP level 5. HP: 47/47 MP: 4/4
  1400 | D:3      | Reached skill level 6 in Long Blades
  1937 | D:4      | Reached XP level 6. HP: 42/55 MP: 5/5
  2076 | D:4      | Reached skill level 1 in Polearms
  2128 | D:4      | Reached skill level 5 in Fighting
  2131 | D:4      | Demolished by an ogre

Illustrated notes

Levels and vault maps discovered:
D:1:      ebering_hopf_link, layout_rooms, supply_closet_lemuel,
          minmay_split_cup_large
D:2:      layout_basic, uniq_terence
D:3:      layout_basic, hellmonk_ecumenical_altar_watching_god, uniq_sigmund
D:4:      minmay_general_purpose_star, layout_gridville,
          minmay_temple_entry_large_hall, st_stairs_13, lightli_corner_chamber

Skill      XL: |  1  2  3  4  5  6 |
---------------+-------------------+-----
Fighting       | 4 5 |  5.0
Long Blades    | 4 5 6 |  6.1
Armour         | 3 |  3.7
Dodging        | 3 |  3.5
Polearms       | 1 |  1.4
Throwing       | |  0.2
Stealth        | |  0.4

Action                     |  1- 3 |  4- 6 || total
---------------------------+-------+-------++-------
  Melee: Falchion          |    74 |    32 ||   106
         Headbutt          |    14 |    14 ||    28
         Halberd           |       |    54 ||    54
  Throw: Boomerang         |       |     5 ||     5
 Invoke: Berserk           |     2 |     1 ||     3
         Trog's Hand       |       |     4 ||     4
    Use: Scroll            |       |     8 ||     8
 Armour: Animal skin       |    22 |       ||    22
         Ring mail         |    24 |    34 ||    58
         Scale mail        |       |    29 ||    29
  Dodge: Dodged            |    57 |    66 ||   123

Table legend: (Time is in decaauts)
 A = Elapsed time spent in this place.
 B = Non-inter-level travel time spent in this place.
 C = Inter-level travel time spent in this place.
 D = Time resting spent in this place.
 E = Time spent auto-exploring this place.
 F = Levels seen in this place.
 G = Mean time per level.
                   A        B        C        D        E       F      G
               +--------+--------+--------+--------+--------+-----+--------+
         Total |   2190 |   2157 |     33 |      0 |   1670 |   4 |  547.5 |
       Dungeon |   2190 |   2157 |     33 |      0 |   1670 |   4 |  547.5 |
               +--------+--------+--------+--------+--------+-----+--------+

Top non-repeatable levels by time:
     D:3: 728 daAuts
     D:1: 600 daAuts
     D:2: 574 daAuts
     D:4: 287 daAuts
